 Dungeon Crawl Stone Soup version 0.31.0-11-ge490571c62 (webtiles) character file.

Game seed: 2785235592834048134

114 Gadfly the Ducker (level 4, 0/37 HPs)
             Began as a Merfolk Monk on Jan 29, 2024.
             Incinerated by a bombardier beetle (4 damage)
             ... with a burning spray
             ... on level 3 of the Dungeon.
             The game lasted 00:02:50 (2656 turns).

Gadfly the Ducker (Merfolk Monk)                    Turns: 2656, Time: 00:02:50

Health: 0/37       AC:  2    Str: 13    XL:     4   Next: 98%
Magic:  4/4        EV: 14    Int:  9    God:
Gold:   107        SH:  0    Dex: 16    Spells: 3/3 levels left

rFire   . .          .
                       - Unarmed
rCold   . . .        c - orb {light}
rNeg    . . .        a - +0 robe
rPois   .            (helmet currently unavailable)
rElec   .            (cloak currently unavailable)
rCorr   .            (gloves currently unavailable)
SInv    .            (boots currently unavailable)
Will    .....        (no amulet)
Stlth   +            (no ring)
HPRegen 0.26/turn    (no ring)
MPRegen 0.09/turn

%: no passive effects
@: on fire, beast-form, hasted, glowing, very quick
A: beast (slay +1), (nimble swimmer 2), mertail
a: Begin Untransformation


You were on level 3 of the Dungeon.
You were a hulking beast.
You visited 1 branch of the dungeon, and saw 3 of its levels.

You collected 107 gold pieces.

Inventory:

Armour
 a - a +0 robe (worn)
 c - an orb of light (worn)
 j - a +0 pair of boots
Talismans
 e - a beast talisman (active)
Scrolls
 f - 2 scrolls of teleportation
 g - 2 scrolls of identify
Potions
 k - a potion of lignification
 l - a potion of curing {unknown}


   Skills:
 + Level 3.7 Fighting
 + Level 4.4 Dodging
 * Level 4.1 Unarmed Combat
 * Level 2.1 Evocations
 * Level 2.4 Shapeshifting


You had 3 spell levels left.
You didn't know any spells.
Your spell library contained the following spells:

 Spells                   Type           Power      Damage    Failure   Level
 Kiss of Death            Conj/Necr      0%         2d5       38%         1
 Call Imp                 Summ           0%         N/A       52%         2
 Cigotuvi's Dreadful Rot  Necr/Alch/Air  0%         N/A       52%         2
 Sublimation of Blood     Necr           0%         N/A       52%         2
 Confusing Touch          Hex            0%         N/A       77%         3
 Inner Flame              Hex/Fire       0%         N/A       77%         3
 Dispel Undead            Necr           0%         3d6       99%         4
 Ignite Poison            Fire/Alch      0%         N/A       99%         4
 Freezing Cloud           Conj/Ice/Air   0%         6-21      100%        5
 Irradiate                Conj/Alch      0%         3d11      100%        5
 Summon Hydra             Summ           0%         N/A       100%        7
 Ignition                 Fire           0%         3d3       100%        8


Dungeon Overview and Level Annotations

Branches:
Dungeon (3/15)

Altars:


Innate Abilities, Weirdness & Mutations

You are a hulking beast.
Your limbs bulge with bestial killing power. (Slay +1)
((You are very nimble when in or above water. (Stealth+, EV+, Speed+++)))
Your lower body shifts to a powerful aquatic tail in water.


Message History

The bombardier beetle closely misses you.
You hit the bombardier beetle.
The bombardier beetle is moderately wounded.
The liquid fire burns you!
You hit the bombardier beetle but do no damage.
The bombardier beetle is moderately wounded.
The liquid fire burns you! The bombardier beetle bites you.
You are too injured to fight recklessly!
You are too injured to fight recklessly!
You are too injured to fight recklessly!
You are too injured to fight recklessly!
You are too injured to fight recklessly!
You are too injured to fight recklessly!
You are too injured to fight recklessly!
You are too injured to fight recklessly!
You are too injured to fight recklessly!
You are too injured to fight recklessly!
You are too injured to fight recklessly!
You are too injured to fight recklessly!
You are too injured to fight recklessly!
You are too injured to fight recklessly!
You are too injured to fight recklessly!
Unknown command.
You hit the bombardier beetle.
The bombardier beetle is severely wounded.
The liquid fire burns you!
You hit the bombardier beetle but do no damage.
The bombardier beetle is severely wounded.
The liquid fire burns you!
* * * LOW HITPOINT WARNING * * *
The bombardier beetle completely misses you.
Okay, then.
You hit the bombardier beetle.
The bombardier beetle is almost dead.
The liquid fire burns you!
* * * LOW HITPOINT WARNING * * *
It was a potion of haste.
You feel yourself speed up. The liquid fire burns you!
You die...

#.#####.# #.# ##.##
#.#####.###.####...
#.##...........#..# #
#.##.##.###.##.#..###.
#.##.##.# #.##.#..#...
#.......# #...........
#####.### ######.....(
#.# #.......#.## #h#
#.......#... #B#
#.......#.## .g.
#.........## ##.#.
#.......#.#. #.#.#
#.......#... #.# #
#.......#... #.#
##########.. #.# ##.
#.


You could see a bombardier beetle and a goblin.

Vanquished Creatures
  Terence (D:2)
  4 adders
  3 dart slugs (D:1)
  A ribbon worm (D:2)
  8 endoplasms
  3 giant cockroaches
  A goblin (D:2)
  A hobgoblin (D:2)
  6 jackals
  3 ball pythons (D:1)
  4 bats
  3 frilled lizards
  5 kobolds
  2 rats
45 creatures vanquished.

Notes
Turn   | Place    | Note
-------+----------+-------------------------------------------
     0 | D:1      | Gadfly the Merfolk Monk began the quest for the Orb.
     0 | D:1      | Reached XP level 1. HP: 18/18 MP: 1/1
   181 | D:1      | Reached XP level 2. HP: 24/24 MP: 2/2
   231 | D:1      | Reached skill level 1 in Shapeshifting
   486 | D:1      | Reached skill level 1 in Evocations
   517 | D:1      | Reached XP level 3. HP: 23/29 MP: 3/3
   993 | D:2      | Noticed Terence
  1002 | D:2      | HP: 1/29 [Terence/+0 hand axe (7)]
  1020 | D:2      | Killed Terence
  1021 | D:2      | Reached XP level 4. HP: 6/36 MP: 4/4
  2656 | D:3      | Incinerated by a bombardier beetle

Illustrated notes

Levels and vault maps discovered:
D:1:      psy_arrival_radial02, layout_loops_ring, minmay_tetromino_s4
D:2:      layout_loops_cross, serial_forest, infiniplex_forest_corner_2,
          infiniplex_forest_lined_4_way, infiniplex_forest_clump_tiny,
          infiniplex_forest_clump_tiny, infiniplex_forest_lined_1,
          infiniplex_forest_lined_3, infiniplex_forest_clump_diagonal,
          infiniplex_forest_lined_2, infiniplex_forest_end_2,
          infiniplex_forest_zigzag_1, kennysheep_generic_room_15, uniq_terence
D:3:      layout_loops_cross

Skill      XL: |  1  2  3  4 |
---------------+-------------+-----
Shapeshifting  | 1 2 |  2.4
Evocations     | 1 2 |  2.1
Unarmed Combat | 4 |  4.1
Fighting       | |  3.7
Dodging        | |  4.4

Action                     |  1- 3 |  4- 6 || total
---------------------------+-------+-------++-------
  Melee: Unarmed           |    92 |   116 ||   208
    Use: Scroll            |     2 |     3 ||     5
         Potion            |     1 |     2 ||     3
 Armour: Robe              |    33 |    23 ||    56
  Dodge: Dodged            |    57 |    49 ||   106
   Form: Beast             |       |     1 ||     1
